 Dungeon Crawl Stone Soup version 0.29-a0-473-gacb4ef3bc5 (webtiles) character file.

Game seed: 906728101508520018

123 Lekart the Skirmisher (level 4, -10/40 HPs)
             Began as a Draconian Chaos Knight on May 23, 2022.
             Was a Plaything of Xom.
             Killed by divine providence
             ... invoked by an orc priest
              (12 damage)
             ... on level 3 of the Dungeon.
             The game lasted 00:04:19 (2818 turns).

Lekart the Skirmisher (Draconian Chaos Knight)      Turns: 2818, Time: 00:04:20

Health: -10/40     AC:  5    Str: 14    XL:     4   Next: 80%
Magic:  4/4        EV: 12    Int: 11    God:    Xom [.....*]
Gold:   143        SH:  0    Dex: 12    Spells: 3/3 levels left

rFire   . . .      SeeInvis .   j - +1 scimitar (chaos)
rCold   . . .      Faith    .   (no shield)
rNeg    . . .      Spirit   .   (body armour unavailable)
rPois   .          Reflect  .   (helmet restricted)
rElec   .          Harm     .   (no cloak)
rCorr   .          Rampage  .   (no gloves)
Will    .....                   (no boots)
Stlth   +.........              f - amulet of the acrobat
HPRegen 0.13/turn               (no ring)
MPRegen 0.09/turn               (no ring)

@: no status effects
A: AC +5, unfitting armour, cold-blooded, deterioration 1, dopey 1
a: Renounce Religion


You were on level 3 of the Dungeon.
You worshipped Xom.
You were Xom's teddy bear.
You visited 1 branch of the dungeon, and saw 3 of its levels.

You collected 143 gold pieces.

Inventory:

Hand Weapons
 a - a +0 falchion of chaos
 c - a +0 mace of protection
 j - a +1 scimitar of chaos (weapon)
Jewellery
 f - an amulet of the acrobat (around neck)
 i - an amulet of magic regeneration
Scrolls
 h - 3 scrolls of teleportation
Potions
 d - 3 potions of curing
 e - a potion of might
 g - a potion of heal wounds
 k - a potion of resistance
Miscellaneous
 b - a piece from Xom's chessboard (12/15) (quivered)


   Skills:
 + Level 4.3 Fighting
 + Level 3.3 Long Blades
 + Level 2.6 Maces & Flails
 + Level 2.9 Dodging


You had 3 spell levels left.
You didn't know any spells.
Your spell library contained the following spells:

 Spells                   Type           Power      Damage    Failure   Level
 Poisonous Vapours        Pois/Air       0%         N/A       47%         2
 Airstrike                Air            0%         N/A       98%         4
 Corpse Rot               Necr/Pois/Air  0%         N/A       98%         4
 Summon Lightning Spire   Summ/Air       0%         N/A       98%         4
 Lightning Bolt           Conj/Air       0%         1d11      100%        5


Dungeon Overview and Level Annotations

Branches:
Dungeon (3/15)

Altars:
Nemelex Xobeh

Shops:
D:1 (


Innate Abilities, Weirdness & Mutations

Your plain brown scales are hard. (AC +5)
You cannot fit into any form of body armour.
You are cold-blooded and may be slowed by cold attacks.
Your body sometimes deteriorates upon taking damage.
You are dopey. (Int -2)


Message History

An orc is nearby!
No reachable target in view!
An orc is nearby!
No reachable target in view!
An orc is nearby!
As you read the scroll labelled ISYCVI ZEAM, it crumbles to dust.
Your body is wracked with pain!
The orc convulses!
It was a scroll of torment.
The orc unwields a +0 short sword.
The orc wields a +0 hunting sling.
The orc shoots a sling bullet.
The sling bullet hits you.
You are too injured to fight recklessly!
You are too injured to fight recklessly!
An orc is nearby!
An orc is nearby!
Unknown command.
The orc unwields a +0 hunting sling.
The orc wields a +0 short sword.
The orc hits you with a +0 short sword.
You slash the orc!
You kill the orc!
k - a potion of resistance
Items here: )) [ †.
You start resting.
An orc priest comes into view. It is wielding a +0 mace.
The orc priest shouts!
You start resting.
An orc priest is nearby!
The orc priest closely misses you.
You closely miss the orc priest. The orc priest hits you with a +0 mace.
You closely miss the orc priest. The orc priest hits you with a +0 mace.
* * * LOW HITPOINT WARNING * * *
You hit the orc priest. You burn the orc priest.
The orc priest is heavily wounded.
The orc priest mumbles some strange prayers to Beogh against you.
Pain shoots through your body!
* * * LOW HITPOINT WARNING * * *
You closely miss the orc priest.
The orc priest is heavily wounded.
The orc priest invokes the aid of Beogh against you.
Beogh smites you!
You die...
Xom chortles!

#..........#
#..........#
#..........#
#.......†..########
#.................#
#.................#
#........#.#.#....♣
#####.##..........♣


.PP #.##.#.#.#..@♣♣ P...P #.##.......#o♣♣P..... ♣..>.. #.##.#.#.#.#.)....⌠..
...... #.##.......##♣♣P..... ♣..... #........### Po..P .... #........#### .PP
... ##.......... .♣♣♣ #. #.<......## ..♣ #. #.......... ... .###### You could
see an orc priest.

Vanquished Creatures
  An adder (D:3)
  A dart slug (D:2)
  An orc (D:3)
  5 endoplasms
  4 giant cockroaches
  7 hobgoblins
  6 jackals (D:1)
  3 kobolds
  6 quokkas
  5 ball pythons
  7 bats
  2 frilled lizards (D:1)
  9 goblins
  6 rats
63 creatures vanquished.

Vanquished Creatures (collateral kills)
  4 gnolls (D:2)
4 creatures vanquished.

Vanquished Creatures (others)
  2 plants (D:3)
2 creatures vanquished.

Grand Total: 69 creatures vanquished

Notes
Turn   | Place    | Note
-------+----------+-------------------------------------------
     0 | D:1      | Lekart the Draconian Chaos Knight began the quest for the
                  | Orb.
     0 | D:1      | Reached XP level 1. HP: 19/19 MP: 1/1
     3 | D:1      | Found Moetsuv's Weapon Boutique.
   706 | D:1      | Reached XP level 2. HP: 26/26 MP: 2/2
   835 | D:1      | Reached XP level 3. HP: 10/33 MP: 3/3
  1076 | D:1      | XOM: divination: detect creatures
  1110 | D:1      | Reached skill level 1 in Maces & Flails
  1231 | D:1      | XOM: noise
  1471 | D:2      | XOM: noise
  1473 | D:2      | XOM: cast spell 'Summon Mana Viper'
  1476 | D:2      | Reached skill level 4 in Fighting
  1482 | D:2      | Reached XP level 4. HP: 21/40 MP: 4/4
  1764 | D:2      | XOM: noise
  1855 | D:2      | XOM: silly message
  2015 | D:2      | XOM: stat loss: -1 Str (13/14)
  2089 | D:2      | XOM is BORED!
  2089 | D:2      | XOM: summons 3 hostile shadow creatures
  2176 | D:2      | XOM: stat loss: -1 Int (12/13)
  2279 | D:2      | XOM: give mutations
  2279 | D:2      | Gained mutation: You are dopey. (Int -2) [Xom's mischief]
  2279 | D:2      | Gained mutation: Your body sometimes deteriorates upon
                  | taking damage. [Xom's mischief]
  2381 | D:3      | Found a sparkling altar of Nemelex Xobeh.
  2507 | D:3      | XOM: god gift: +1 scimitar of chaos
  2726 | D:3      | Found a faded altar of an unknown god.
  2817 | D:3      | HP: 2/40 [orc priest/nerve-wracking pain (8)]
  2818 | D:3      | Killed from afar by an orc priest

Illustrated notes

Levels and vault maps discovered:
D:1:      minmay_arrival_three_doors, layout_loops_cross, serial_shops,
          nicolae_shop_bloodbath_and_beyond, minmay_vboxes
D:2:      layout_basic
D:3:      layout_rooms, amcnicky_altar_gilded, mainiacjoe_overflow_24_doors,
          mainiacjoe_overflow_divided_tiny, serial_forest,
          infiniplex_forest_straight_1, infiniplex_forest_clump_curved,
          infiniplex_forest_fountain, infiniplex_forest_clump_diagonal,
          chequers_ecumenical_altar_island, chequers_mini_garden,
          glass_columns_b

Skill      XL: |  1  2  3  4 |
---------------+-------------+-----
Maces & Flails | 1 2 |  2.6
Fighting       | 4 |  4.3
Long Blades    | |  3.3
Dodging        | |  2.9

Action                   |  1- 3 |  4- 6 || total
-------------------------+-------+-------++-------
Melee: Mace              |   114 |    66 ||   180
       Tailslap          |     7 |     7 ||    14
       Scimitar          |       |    23 ||    23
       Punch             |       |     1 ||     1
Evoke: Piece from Xom's  |       |     3 ||     3
  Use: Scroll            |     4 |     4 ||     8
       Potion            |       |     4 ||     4
 Stab: Sleeping          |       |     1 ||     1
Armor: Skin              |    60 |    30 ||    90
Dodge: Dodged            |   118 |    55 ||   173

Table legend: (Time is in decaauts)
 A = Elapsed time spent in this place.
 B = Non-inter-level travel time spent in this place.
 C = Inter-level travel time spent in this place.
 D = Time resting spent in this place.
 E = Time spent auto-exploring this place.
 F = Levels seen in this place.
 G = Mean time per level.
                   A        B        C        D        E       F      G
               +--------+--------+--------+--------+--------+-----+--------+
         Total |   2877 |   2829 |     48 |    187 |   2097 |   3 |  959.0 |
       Dungeon |   2877 |   2829 |     48 |    187 |   2097 |   3 |  959.0 |
               +--------+--------+--------+--------+--------+-----+--------+

Top non-repeatable levels by time:
     D:1: 1302 daAuts
     D:2: 1078 daAuts
     D:3: 496 daAuts
